[Event "*** Titled Tuesday Blitz"]
[Site "Chess.com"]
[Date "2020.04.21"]
[Round "6"]
[White "HashtagChess"]
[Black "realmadridtv"]
[Result "0-1"]
[WhiteElo "1661"]
[BlackElo "2289"]
[TimeControl "180+1"]
[EndTime "11:08:54 PDT"]
[Termination "realmadridtv won by resignation"]

1. e4 e5 2. Nf3 Nc6 3. Bc4 Bc5 4.
c3 Nf6 5. d4 exd4 6. cxd4 Bb4+ 7.
Bd2 Bxd2+ 8. Nbxd2 d5 9. exd5 Nxd5 10. Qb3 Na5 11. Qa4+ Nc6 12. Qb3 Nce7 13. O-O O-O 14. Rfe1 h6 15. Ne5 Be6 16. a3 Nf4 17. Bxe6 Nxe6 18.
Nxf7 Rxf7 19. Qxe6 Qxd4 20. Nf3 Qd5 21. Rad1 Qxe6 22.
Rxe6 Nc6 23. Ne5 Nxe5 24. Rxe5 Raf8 25. f3 g5 26. Red5 Kg7 27. Rd7 Rxd7 28. Rxd7+ Rf7 29. Rxf7+ Kxf7 30. Kf2 Ke6 31. Ke3 Ke5 32. g3 c5 33. h3 a5 34. a4 c4 35. Kd2 Kd4 36. h4 gxh4 37. gxh4 h5 38. Ke2 c3 39. bxc3+ Kxc3 40. Ke3 Kb4 41. Ke4 b5 42. axb5 Kxb5 43. f4 Kc6 44.
Ke5 Kd7 45. f5 Ke7 46. Kd5 Kf6 47. Kc5 Kxf5 48. Kb5 Kg4 49. Kxa5 Kxh4 50. Kb4 0-1

[Event "*** Titled Tuesday Blitz"]
[Site "Chess.com"]
[Date "2020.04.21"]
[Round "6"]
[White "GodDMuhammad"]
[Black "varacalli"]
[Result "1-0"]
[WhiteElo "2191"]
[BlackElo "2337"]
[TimeControl "180+1"]
[EndTime "11:08:54 PDT"]
[Termination "GodDMuhammad won on time"]

1. Nf3 Nf6 2. d3 d5 3. g3 Bf5 4. Bg2 e6 5. Nbd2 h6 6. O-O Be7 7. Re1 O-O 8. e4 Bh7 9. e5 Nfd7 10. d4 c5 11. c3 Nc6 12. Nf1 b5 13. Be3 a5 14. h4 b4 15. h5 bxc3 16. bxc3 cxd4 17. cxd4 Nb4 18. Re2 Rc8 19. Ne1 Nb6 20. Nd2 Qd7 21. a3 Nc2 22. Nxc2 Rxc2 23. Nb3 Rxe2 24. Qxe2 Nc4 25. Nc5 Qc7 26. Nd3 Rb8 27. g4 Rb3 28.
Nf4 Bg5 29. Rc1 Qb6 30. Nxd5 exd5 31. Bxg5 hxg5 32. Bxd5 Rb1 33. Qxc4 Rxc1+ 34. Qxc1 Bd3 35. Qxg5 Qxd4 36. h6 1-0

[Event "*** Titled Tuesday Blitz"]
[Site "Chess.com"]
[Date "2020.04.21"]
[Round "6"]
[White "youngKID"]
[Black "Oleksandr_Bortnyk"]
[Result "0-1"]
[WhiteElo "2803"]
[BlackElo "3033"]
[TimeControl "180+1"]
[EndTime "11:08:55 PDT"]
[Termination "Oleksandr_Bortnyk won by resignation"]

1. e4 Nf6 2. Nc3 d5 3. e5 Nfd7 4. Nf3 e6 5. d4 c5 6. Bb5 Nc6 7. Bxc6 bxc6 8. O-O Ba6 9. Re1 Be7 10. b3 O-O 11. Ba3 cxd4 12. Bxe7 Qxe7 13. Nxd4 c5 14. Nf3 Rfd8 15. Qd2 Rac8 16. Rad1 Nf8 17. h4 h6 18. Qf4 Bb7 19. h5 Nh7 20. Nb5 d4 21. Nd6 Rc7 22. c3 dxc3 23. Rc1 Bd5 24. Rxc3 a6 25. Rec1 f6 26.
Ne4 Rf8 27. exf6 Nxf6 28. Nxf6+ Rxf6 29. Qg3 Rf5 30. Qg4 Qf6 31. Qg3 Rf7 32. Nh4 Rg5 33. Qb8+ Rf8 34. Qh2 Qxf2+ 35. Kh1 Rxh5 0-1

[Event "*** Titled Tuesday Blitz"]
[Site "Chess.com"]
[Date "2020.04.21"]
[Round "6"]
[White "Fandorine"]
[Black "Dyadya81"]
[Result "1-0"]
[WhiteElo "2882"]
[BlackElo "2653"]
[TimeControl "180+1"]
[EndTime "11:08:55 PDT"]
[Termination "Fandorine won on time"]

1. e4 c6 2. Nf3 d5 3. d3 Nf6 4. e5 Nfd7 5. d4 e6 6. c4 dxc4 7. Bxc4 Nb6 8. Bd3 c5 9. dxc5 Bxc5 10. O-O Nc6 11. Qe2 h6 12. Rd1 Bd7 13. Nc3 Qb8 14. Bf4 Be7 15. a3 a6 16. Rac1 g5 17. Bg3 h5 18. h4 gxh4 19. Nxh4 Bxh4 20. Bxh4 Qxe5 21. Ne4 Nd4 22. Qe3 Nf5 23. Nd6+ Qxd6 24. Bxf5 Nd5 25.
Qg5 Bc6 26. Be4 Kd7 27. Bxd5 Bxd5 28. Bg3 Rag8 29. Rxd5 exd5 30. Qf5+ Qe6 31. Rc7+ Ke8 32. Rc8+ Kd7 33. Rc7+ Ke8 34. Qc2 1-0

[Event "*** Titled Tuesday Blitz"]
[Site "Chess.com"]
[Date "2020.04.21"]
[Round "6"]
[White "zmeeed67"]
[Black "MikeSailer"]
[Result "1-0"]
[WhiteElo "2388"]
[BlackElo "2147"]
[TimeControl "180+1"]
[EndTime "11:08:55 PDT"]
[Termination "zmeeed67 won on time"]

1. d4 d5 2. c4 Bf5 3. cxd5 Bxb1 4. Qa4+ Qd7 5. Qxd7+ Nxd7 6. Rxb1 Ngf6 7. Nf3 Nxd5 8. e4 N5f6 9. Bd3 e6 10. b4 h6 11. Bf4 c6 12. Ke2 Nh5 13. Be3 g5 14. g3 Be7 15. Rhc1 O-O 16. b5 cxb5 17. Rxb5 Nb6 18. Rc7 Ba3 19. Rxb7 Rfc8 20. h4 g4 21. Nd2 Nf6 22.
Bxh6 Na4 23. Rg5+ Kh7 24. e5+ Kxh6 25. Rxf7 Nc3+ 26. Kf1 Rf8 27. Rg6+ Kh5 28. Rg5+ Kh6 29. Rxf6+ Rxf6 30. exf6 Bc1 31. Ne4 Bxg5 32. hxg5+ Kh5 33. Nxc3 Kxg5 34. Ne4+ Kg6 35. Be2 Rd8 36. Bxg4 Rxd4 37. f3 Ra4 38. Bxe6 Rxa2 39. Bxa2 1-0

[Event "*** Titled Tuesday Blitz"]
[Site "Chess.com"]
[Date "2020.04.21"]
[Round "6"]
[White "AlexandraBotez"]
[Black "SmirnovAlexandrA"]
[Result "1/2-1/2"]
[WhiteElo "2117"]
[BlackElo "2362"]
[TimeControl "180+1"]
[EndTime "11:08:55 PDT"]
[Termination "Game drawn by stalemate"]

1. d4 Nf6 2. c4 g6 3. Nc3 Bg7 4. e4 O-O 5. f3 d6 6. Be3 e5 7. d5 c6 8. Bd3 a6 9. Qd2 Nbd7 10. Nh3 Qc7 11. Nf2 b5 12. dxc6 Qxc6 13. cxb5 axb5 14. Bxb5 Qc7 15. O-O Nc5 16. Rfc1 Qe7 17. Nd3 Nxd3 18. Qxd3 Be6 19. a4 Nh5 20. Ne2 f5 21. Rd1 Rad8 22.
Bb6 fxe4 23. fxe4 Rc8 24. Qxd6 Qf7 25. a5 Bc4 26. Bxc4 Qxc4 27. Qd5+ Qxd5 28. exd5 e4 29. Nc3 Bxc3 30. bxc3 Rxc3 31. d6 Rc2 32. g3 Nf6 33. d7 Ng4 34. d8=Q Rxd8 35. Rxd8+ Kg7 36.
h3 Nh2 37. Rd7+ Kf6 38. Rf1+ Nf3+ 39. Rxf3+ exf3 40. Rd1 Rg2+ 41. Kh1 Kf5 42. a6 Ra2 43.
a7 Ke4 44. Re1+ Kf5 45. Rf1 Ke4 46. Rf2 Ra1+ 47. Kh2 g5 48. g4 Kf4 49. Bc7+ Ke4 50. Bb6 Kf4 51. Rb2 h5 52. gxh5 g4 53. hxg4 Kxg4 54. h6 Ra6 55. h7 f2 56. Rxf2 Rxb6 57.
h8=Q Rh6+ 58. Qxh6 1/2-1/2

[Event "*** Titled Tuesday Blitz"]
[Site "Chess.com"]
[Date "2020.04.21"]
[Round "6"]
[White "AlexTriapishko"]
[Black "tvjosue"]
[Result "1-0"]
[WhiteElo "2748"]
[BlackElo "2523"]
[TimeControl "180+1"]
[EndTime "11:08:56 PDT"]
[Termination "AlexTriapishko won by resignation"]

1. e4 c5 2. Nf3 d6 3. d4 cxd4 4. Nxd4 Nf6 5. Nc3 a6 6. Bg5 e6 7. f4 Qb6 8. Nb3 Nc6 9. Qf3 h6 10. Bxf6 gxf6 11. O-O-O h5 12. Be2 Bd7 13. Kb1 O-O-O 14.
Rhf1 Na5 15. Qd3 Bc6 16. Nd4 Bd7 17. Rf3 Kb8 18. Bf1 Be7 19. Qd2 Nc6 20. Nb3 Na5 21. Qe1 Nxb3 22. axb3 Bc6 23. Rfd3 Qa5 24. Rd4 e5 25. b4 Qb6 26. Nd5 Bxd5 27. Rxd5 exf4 28. Bd3 Rhg8 29. Qf1 Rg5 30. b5 Rxd5 31. exd5 a5 32.
Qxf4 Qc5 33. Re1 Rd7 34. Qf5 Rc7 35. Qxh5 a4 36. Qg4 f5 37. Qxa4 Bf6 38. Re8+ Rc8 39.
Rxc8+ Qxc8 40. b6 Qc5 41. Qa7+ Kc8 42. Qa8+ Kd7 43. Qxb7+ Kd8 44. Qb8+ Ke7 45. Qc7+ Qxc7 46. bxc7 Kd7 47. Bxf5+ Kxc7 48. c3 Be5 49. h4 1-0

[Event "*** Titled Tuesday Blitz"]
[Site "Chess.com"]
[Date "2020.04.21"]
[Round "6"]
[White "SirMittensofMittensville"]
[Black "JoachimMouhamad"]
[Result "1-0"]
[WhiteElo "2668"]
[BlackElo "2365"]
[TimeControl "180+1"]
[EndTime "11:08:56 PDT"]
[Termination "SirMittensofMittensville won on time"]

1. e4 c5 2. c3 Nf6 3. e5 Nd5 4. Bc4 Nb6 5. Bb3 Nc6 6. Nf3 d6 7. exd6 Qxd6 8. O-O e6 9. d4 cxd4 10. Qe2 d3 11. Qe4 f5 12. Qe3 Na5 13. Na3 Nxb3 14.
axb3 Bd7 15. Rd1 Qc7 16. Rxd3 Bd6 17. Nd4 Nd5 18. Nxe6 Nxe3 19. Nxc7+ Bxc7 20. Rxe3+ Kf7 21. Nc4 Rhe8 22. Bd2 a6 23. Rae1 Rxe3 24. Bxe3 Be6 25.
Bd4 b5 26. Nd2 Rd8 27. b4 g5 28. Nf3 h6 29. Ra1 Bc8 30. Nd2 Bb7 31. Nb3 Bd6 32.
f3 Re8 33. Kf2 h5 34. Nc5 Bxc5 35. bxc5 Re6 36. h4 g4 37. Kg3 Re2 38. b4 gxf3 39.
gxf3 Re6 40. Kf4 Rc6 41. Kxf5 Re6 42. Kf4 Rg6 43. Re1 Re6 44. Be5 1-0

[Event "*** Titled Tuesday Blitz"]
[Site "Chess.com"]
[Date "2020.04.21"]
[Round "6"]
[White "Dare-Dare"]
[Black "WiktoriaPOL"]
[Result "1-0"]
[WhiteElo "2256"]
[BlackElo "2039"]
[TimeControl "180+1"]
[EndTime "11:08:56 PDT"]
[Termination "Dare-Dare won on time"]

1. Nf3 c5 2. c4 g6 3. Nc3 Bg7 4.
e3 Nc6 5. d4 cxd4 6. exd4 Qa5 7. Be2 e6 8. O-O d5 9. Nb5 Qd8 10. Bf4 e5 11. Nxe5 Nxe5 12. dxe5 Ne7 13. Nd6+ Kf8 14.
cxd5 g5 15. Bg3 f5 16. exf6 Bxf6 17. Bh5 Ng6 18. Re1 Kg7 19. Qb3 b6 20. Rac1 Bd7 21. Ne4 Re8 22. Bxg6 hxg6 23. Nxf6 Qxf6 24. h3 Rxe1+ 25.
Rxe1 Re8 26. Rxe8 Bxe8 27. d6 Bd7 28. Qc2 Qe6 29. Qc3+ Kf7 30. Kh2 a5 31. a3 a4 32.
Qh8 b5 33. Qh7+ Kf8 34. Qh8+ Kf7 35. Be5 Qf5 36. Qg7+ Ke6 37. Qe7+ Kd5 38. Bg3 Kc6 39. Qe3 Qd5 40. Qc3+ Kb6 41. Qc7+ 1-0

[Event "*** Titled Tuesday Blitz"]
[Site "Chess.com"]
[Date "2020.04.21"]
[Round "6"]
[White "politeplayer"]
[Black "Andrii_Prydun"]
[Result "1-0"]
[WhiteElo "2179"]
[BlackElo "2321"]
[TimeControl "180+1"]
[EndTime "11:08:57 PDT"]
[Termination "politeplayer won by resignation"]

1. e4 Nf6 2. e5 Nd5 3. Nc3 Nxc3 4. dxc3 d6 5. Nf3 Nc6 6. Bb5 Bd7 7. Qe2 g6 8. Bg5 Bg7 9. Bxc6 bxc6 10. O-O-O h6 11. Bf6 O-O 12. Bxg7 Kxg7 13. h4 Bg4 14. h5 g5 15. Qe4 Bxf3 16. gxf3 Qd7 17. f4 Qg4 18. Rdg1 Qe6 19. fxg5 Qxe5 20. gxh6+ Kxh6 21. Qxc6 Rab8 22. Qg2 Rg8 23. Qxg8 Rxg8 24. Rxg8 Qf4+ 25. Kb1 Qxf2 26. Rhg1 Qf6 27. Ra8 Kh7 28. h6 e5 29. a4 e4 30. Rag8 e3 31. R1g7+ Kxh6 32. Rg1 Kh7 33. R8g3 Qh6 34. Re1 f5 35. Rgxe3 Qh2 36. R3e2 Qg3 37. Re7+ Kg6 38. R1e6+ Kh5 39. Rh7+ Kg5 40. Rg7+ Kf4 41.
Rxg3 Kxg3 42. Kc1 f4 43. Kd2 Kg2 44. Ke1 f3 45. Rf6 d5 46. b4 a5 1-0

[Event "*** Titled Tuesday Blitz"]
[Site "Chess.com"]
[Date "2020.04.21"]
[Round "6"]
[White "themind1hunter"]
[Black "reniite"]
[Result "1-0"]
[WhiteElo "2475"]
[BlackElo "1939"]
[TimeControl "180+1"]
[EndTime "11:08:57 PDT"]
[Termination "themind1hunter won by checkmate"]

1. e4 e5 2. Nf3 Nf6 3. Nxe5 d6 4. Nf3 Nxe4 5. d4 d5 6. Bd3 Bd6 7. O-O O-O 8. c4 c6 9. Nc3 Nxc3 10. bxc3 dxc4 11. Bxc4 Bg4 12. h3 Bh5 13. g4 Bg6 14.
Ne5 Nd7 15. f4 Be4 16. Qe2 Bd5 17. Bd3 Re8 18. Qc2 Bxe5 19. fxe5 h6 20. Bf4 Qh4 21.
Kh2 Be6 22. Bg3 Qg5 23. Bf5 Bxf5 24. gxf5 c5 25. Bf4 Qh5 26. Rg1 Kh8 27. Rg4 cxd4 28.
cxd4 Rac8 29. Qd3 Nb6 30. Rag1 Rg8 31. d5 Nxd5 32. Qxd5 Rc2+ 33. R1g2 Rxg2+ 34. Qxg2 Qxf5 35. Qxb7 Qc2+ 36. Qg2 Qf5 37. Bxh6 g6 38. Bf4 Kg7 39.
Qg3 Rh8 40. e6 Qxe6 41. Be5+ f6 42. Rxg6+ Kh7 43. Rg7+ Kh6 44. Qg6# 1-0

[Event "*** Titled Tuesday Blitz"]
[Site "Chess.com"]
[Date "2020.04.21"]
[Round "6"]
[White "Sethu0025"]
[Black "Parhamov"]
[Result "1/2-1/2"]
[WhiteElo "2830"]
[BlackElo "3046"]
[TimeControl "180+1"]
[EndTime "11:08:59 PDT"]
[Termination "Game drawn - insufficient material"]

1. d4 d5 2. c4 dxc4 3. Nf3 Nf6 4. e3 e6 5. Bxc4 c5 6. O-O Nc6 7. Qe2 a6 8. Rd1 b5 9. dxc5 Qc7 10. Bd3 Nb4 11. e4 Bxc5 12. Nc3 Bb7 13. Be3 Rd8 14.
Bxc5 Qxc5 15. a3 Nxd3 16. Rxd3 O-O 17. Rad1 Rxd3 18. Qxd3 h6 19. Qd4 Rc8 20. h3 a5 21.
Qxc5 Rxc5 22. Rd4 e5 23. Rd8+ Kh7 24. Rb8 Bxe4 25. Rxb5 Rxb5 26. Nxb5 Bxf3 27. gxf3 Nd5 28. Nd6 f6 29. b3 Nb6 30. a4 Kg8 31. Nb7 Kf7 32.
Nxa5 Ke6 33. Nc4 Nd5 34. Kf1 Kd7 35. h4 h5 36. Ke1 Kc6 37. Kd2 Nf4 38. Ne3 g5 39.
Nf5 Ng6 40. hxg5 fxg5 41. b4 h4 42. Ke3 h3 43. Ke4 Nh4 44. Ng3 h2 45. Nh1 Kb6 46.
Kxe5 Nxf3+ 47. Kf5 Nd4+ 48. Kxg5 Nc2 49. b5 Nb4 50. f4 Nd5 51. f5 Nc3 52. f6 Nxa4 53. f7 Nc5 54. Kf6 Nd7+ 55. Ke6 Nf8+ 56. Ke7 Nh7 57. Ke6 Kxb5 58. Kf5 Kc6 59. Kg4 Kd6 60.
Kg3 Ke7 61. Kxh2 Kxf7 1/2-1/2

[Event "*** Titled Tuesday Blitz"]
[Site "Chess.com"]
[Date "2020.04.21"]
[Round "6"]
[White "masteryoungK"]
[Black "1f3_2g41-0"]
[Result "0-1"]
[WhiteElo "2389"]
[BlackElo "2191"]
[TimeControl "180+1"]
[EndTime "11:08:59 PDT"]
[Termination "1f3_2g41-0 won by checkmate"]

1. Nf3 d5 2. g3 Nf6 3. Bg2 g6 4. O-O Bg7 5. c4 e6 6. d4 O-O 7.
Qc2 Ne4 8. Nbd2 f5 9. b3 c5 10. Bb2 cxd4 11. Bxd4 Nc6 12. Bxg7 Kxg7 13. cxd5 exd5 14.
b4 a6 15. a4 Qf6 16. Qb3 Be6 17. Rfc1 d4 18. Qd3 Nc3 19. b5 Nb4 20. Rxc3 dxc3 21. Qd4 cxd2 22. Rb1 Rad8 23. Qxf6+ Kxf6 24. Nxd2 Rxd2 25.
Rxb4 a5 26. Rb1 b6 27. Bf3 Rfd8 28. Kg2 R8d4 29. Rc1 Rc4 30. Ra1 Bd5 31. h4 Bxf3+ 32. Kxf3 Ke5 33. h5 Rdd4 34. hxg6 hxg6 35. Rh1 Kf6 36.
Rh8 Rxa4 37. Rb8 Rd6 38. e4 fxe4+ 39. Ke3 Rb4 40. g4 Rd3+ 41. Ke2 Rb2+ 42. Kf1 Rxb5 43.
Rf8+ Kg5 44. Re8 Kxg4 45. Rxe4+ Kf3 46. Re1 Rbd5 47. Kg1 Rd1 48. Kh2 Rxe1 49. Kh3 Rh5# 0-1

[Event "*** Titled Tuesday Blitz"]
[Site "Chess.com"]
[Date "2020.04.21"]
[Round "6"]
[White "Kosche007"]
[Black "Perecke"]
[Result "1-0"]
[WhiteElo "2316"]
[BlackElo "2145"]
[TimeControl "180+1"]
[EndTime "11:08:59 PDT"]
[Termination "Kosche007 won by resignation"]

1. e4 c5 2. Nf3 e6 3. b3 Nf6 4. e5 Nd5 5. c4 Nc7 6. d4 cxd4 7. Nxd4 Bb4+ 8. Bd2 Bxd2+ 9. Qxd2 O-O 10. Nc3 d5 11. exd6 Qxd6 12. Ncb5 Nxb5 13. cxb5 Rd8 14. O-O-O a6 15. Be2 Bd7 16. Nc2 Qxd2+ 17. Rxd2 Kf8 18. Rhd1 Ke7 19. Kb2 axb5 20. Bxb5 Nc6 21. Nb4 Be8 22. Bxc6 Rxd2+ 23. Rxd2 bxc6 24. Nd3 Kd6 25. a4 c5 26. Kc3 Kc6 27. Ne5+ Kb6 28. Nd7+ Kc6 29. Ne5+ Kb6 30. f4 f6 31. Nc4+ Kc6 32. Rd6+ Kc7 33. Rxe6 Kd7 34. Rb6 Kc7 35. Re6 Kd7 36. Re1 Kc7 37.
Re7+ Bd7 38. Rxd7+ Kxd7 39. Nb6+ 1-0

[Event "*** Titled Tuesday Blitz"]
[Site "Chess.com"]
[Date "2020.04.21"]
[Round "6"]
[White "chenxiaoyuer"]
[Black "IAgrest"]
[Result "1-0"]
[WhiteElo "2131"]
[BlackElo "2242"]
[TimeControl "180+1"]
[EndTime "11:08:59 PDT"]
[Termination "chenxiaoyuer won on time"]

1. e4 e5 2. Nf3 Nc6 3. Bb5 a6 4. Ba4 Nf6 5. d3 b5 6. Bb3 Bc5 7. c3 d6 8. O-O O-O 9. Nbd2 Bg4 10. h3 Bh5 11. Re1 Bb6 12. Nf1 Na5 13. Bc2 c5 14. Bg5 h6 15. Bh4 c4 16. Ng3 Bg6 17. d4 Nc6 18. d5 Nb8 19. Nf5 Bxf5 20. exf5 Nbd7 21. Nd2 Nc5 22. Qf3 Kh8 23. g4 Qd7 24. Bxf6 gxf6 25. b4 cxb3 26. axb3 a5 27. b4 axb4 28. cxb4 Na4 29.
Ne4 Kg7 30. Qg3 Bd4 31. Rad1 Nb2 32. Qh4 Qe7 33. Rb1 Nc4 34. Ng3 Rg8 35. Nh5+ Kf8 36. Nxf6 Rh8 37. Re2 Ra3 38. Rd1 Rf3 39. Kg2 1-0

[Event "*** Titled Tuesday Blitz"]
[Site "Chess.com"]
[Date "2020.04.21"]
[Round "6"]
[White "BakaPG"]
[Black "AlexOstrovskiy"]
[Result "0-1"]
[WhiteElo "2698"]
[BlackElo "2509"]
[TimeControl "180+1"]
[EndTime "11:09:00 PDT"]
[Termination "AlexOstrovskiy won by resignation"]

1. e4 c6 2. d4 d5 3. Nd2 dxe4 4. Nxe4 Nf6 5. Nxf6+ exf6 6. Be3 Bd6 7. Bd3 O-O 8.
c3 Re8 9. Ne2 Nd7 10. Qc2 h5 11. O-O-O Nf8 12. Ng3 g6 13. Ne4 Be6 14. Kb1 Be7 15.
Rhe1 b5 16. f3 a5 17. Nc5 Bd5 18. Be4 f5 19. Bxd5 Qxd5 20. Nd3 a4 21. Bc1 Ne6 22.
Ne5 b4 23. c4 Qd6 24. Qf2 Bf6 25. f4 Rad8 26. h3 Nxd4 27. c5 Qxc5 28. Be3 Bxe5 29.
Bxd4 Bxd4 30. Rxe8+ Rxe8 31. Qxd4 Qxd4 32. Rxd4 Re4 33.
Rd6 Rxf4 34. Rxc6 b3 35. axb3 axb3 36. Kc1 Rf1+ 37. Kd2 Rf2+ 38. Kc1 Rxg2 39. Rc3 Rg1+ 40. Kd2 Rg2+ 41. Kc1 f4 42. Rxb3 Rg3 43. Rb4 f3 44.
Rf4 g5 45. Rf5 Kg7 46. Kd2 Kg6 47. Rb5 Rxh3 48. Ke3 g4 49. b4 Rh2 50. Rb6+ Kg5 51. Rb5+ f5 52. Rb8 f4+ 53. Kd3 f2 54. Ke2 f3+ 55.
Kf1 g3 56. Rg8+ Kh4 57. Rxg3 Kxg3 0-1

[Event "*** Titled Tuesday Blitz"]
[Site "Chess.com"]
[Date "2020.04.21"]
[Round "6"]
[White "lestri"]
[Black "Igor_Lysyj"]
[Result "1-0"]
[WhiteElo "2550"]
[BlackElo "2776"]
[TimeControl "180+1"]
[EndTime "11:09:00 PDT"]
[Termination "lestri won by resignation"]

1. c4 e6 2. Nf3 Nf6 3. b3 Be7 4. Bb2 O-O 5. e3 b6 6. Nc3 Bb7 7.
Be2 c5 8. O-O d6 9. d4 cxd4 10.
Nxd4 a6 11. Bf3 Bxf3 12. Qxf3 Ra7 13. e4 Qc8 14. Rfd1 Nc6 15. Qe3 Ne5 16. f3 Rb7 17.
Rac1 Re8 18. Nde2 Bf8 19. Na4 Qb8 20. Bxe5 dxe5 21. c5 b5 22. Nb2 b4 23. Na4 Rb5 24. c6 Rc8 25. Rc4 Qc7 26. g4 Bd6 27. Qd3 Ne8 28. Kg2 Qe7 29. Ng3 g6 30. Nf1 Rc7 31. Ne3 Rb8 32. Rc2 h5 33. h3 Qg5 34.
Nf1 Ra7 35. Qe3 Qxe3 36. Nxe3 hxg4 37. hxg4 Kf8 38. Nc4 Ke7 39. Rcd2 Rd8 40. Nxe5 Rc7 41. Nb6 g5 42. Nbc4 a5 43. Nxf7 Kxf7 44. Nxd6+ Nxd6 45.
Rxd6 Rdc8 46. Rd7+ Kf6 47. e5+ Kxe5 48. Re1+ Kf6 49. Rd6 Re8 50. Kg3 Ree7 51. f4 gxf4+ 52. Kxf4 Kf7 53. Ke5 Rc8 54. Rf1+ Kg6 55. Rf6+ Kg5 56.
Rfxe6 1-0

[Event "*** Titled Tuesday Blitz"]
[Site "Chess.com"]
[Date "2020.04.21"]
[Round "6"]
[White "ferdipy"]
[Black "KhamzinOlzhas"]
[Result "0-1"]
[WhiteElo "2227"]
[BlackElo "2536"]
[TimeControl "180+1"]
[EndTime "11:09:00 PDT"]
[Termination "KhamzinOlzhas won by resignation"]

1. e4 c5 2. d4 cxd4 3. c3 Nf6 4. e5 Nd5 5. cxd4 e6 6. Nf3 b6 7. a3 Be7 8. Bd3 Ba6 9. O-O Bxd3 10. Qxd3 Nc6 11.
Nc3 Nxc3 12. bxc3 d5 13. a4 O-O 14. Ba3 Bxa3 15. Rxa3 Na5 16. Nd2 Rc8 17. f4 f5 18.
exf6 Rxf6 19. g3 Nc4 20. Rb3 Nxd2 21. Qxd2 Rc4 22. Rb4 Qc7 23. Rxc4 Qxc4 24. Ra1 Rf7 25.
a5 bxa5 26. Rxa5 g5 27. Rc5 Qa6 28. c4 gxf4 29. gxf4 Rg7+ 30. Kf2 dxc4 31. Qe2 Qd6 32. Qe5 Qd7 33. Rxc4 h6 34. Rc3 a5 35. Rg3 Rxg3 36. hxg3 Qd5 37. Qxd5 exd5 38. Ke3 Kf7 39. Kd3 h5 40. Kc3 Kf6 41. Kb3 Kf5 42. Ka4 Ke4 43. g4 hxg4 44. Kxa5 g3 45. Kb5 g2 46. f5 Kxf5 47. Kc5 Ke4 0-1

[Event "*** Titled Tuesday Blitz"]
[Site "Chess.com"]
[Date "2020.04.21"]
[Round "6"]
[White "Dr-Bassem"]
[Black "lucasran"]
[Result "1-0"]
[WhiteElo "2797"]
[BlackElo "2614"]
[TimeControl "180+1"]
[EndTime "11:09:01 PDT"]
[Termination "Dr-Bassem won by resignation"]

1. e4 c6 2. d4 d5 3. exd5 cxd5 4. c4 Nf6 5. Nc3 Nc6 6. Bg5 dxc4 7. Bxc4 Qxd4 8. Qxd4 Nxd4 9. O-O-O e5 10. f4 Bg4 11.
Nf3 Bxf3 12. gxf3 O-O-O 13. fxe5 Nxf3 14. Rxd8+ Kxd8 15. Rd1+ Kc8 16. Bxf6 gxf6 17. exf6 Ne5 18. Bd5 Kc7 19. Kb1 a6 20. Re1 Bd6 21. Ne4 Rb8 22.
Ng5 Rf8 23. Rc1+ Kb8 24. h3 h6 25. Ne4 Bc7 26. Nc5 Rd8 27. Bxb7 Bb6 28. Bxa6 Ka7 29.
Bb5 Rd5 30. b4 Bxc5 31. Rxc5 Rxc5 32. bxc5 Kb7 33. Kc2 Kc7 34. Kc3 Kd8 35. a4 Ng6 36. a5 Nf4 37. a6 Kc7 38. Bc4 Nxh3 39. Bxf7 Ng5 40. Bd5 h5 1-0

[Event "*** Titled Tuesday Blitz"]
[Site "Chess.com"]
[Date "2020.04.21"]
[Round "6"]
[White "tonyq11"]
[Black "Tpros"]
[Result "0-1"]
[WhiteElo "2242"]
[BlackElo "2397"]
[TimeControl "180+1"]
[EndTime "11:09:02 PDT"]
[Termination "Tpros won on time"]

1. d4 Nf6 2. c4 e6 3. Nc3 Bb4 4. f3 c5 5. d5 exd5 6. cxd5 d6 7. e4 O-O 8. Bd3 Re8 9. Ne2 h6 10. O-O Nbd7 11. a3 Bxc3 12. bxc3 Ne5 13. Bc2 Nc4 14. Qd3 b5 15. a4 Ne5 16. Qxb5 Qc7 17. Ng3 Rb8 18. Qe2 Qa5 19. f4 Ba6 20. Qe1 Bxf1 21. fxe5 Rxe5 22. Nxf1 Nxd5 23. Bd2 c4 24. Qg3 Ne7 25.
Bxh6 Ng6 26. Bd2 Rb2 27. Ne3 Qc5 28. Qf2 Rg5 29. Rf1 Ne5 30. h4 Rg6 31. h5 Rf6 32.
Qe2 Rxc2 33. Rxf6 gxf6 34. Qf2 Nd3 35. Qg3+ Kf8 36. h6 Rxd2 37. Kh2 Qh5+ 38. Kg1 Qxh6 39.
Nf5 Rd1+ 0-1

[Event "*** Titled Tuesday Blitz"]
[Site "Chess.com"]
[Date "2020.04.21"]
[Round "6"]
[White "Shuvalov"]
[Black "PowerThinking2650"]
[Result "1-0"]
[WhiteElo "2455"]
[BlackElo "2271"]
[TimeControl "180+1"]
[EndTime "11:09:03 PDT"]
[Termination "Shuvalov won on time"]

1. e4 e5 2. Nf3 Nc6 3. Bc4 Nf6 4. O-O Bc5 5. c3 d6 6. d4 Bb6 7. h3 O-O 8. Re1 h6 9. Na3 exd4 10. cxd4 d5 11.
exd5 Nxd5 12. Nc2 Be6 13. Bd3 Qf6 14. Bd2 Rad8 15. Bc3 Nxc3 16. bxc3 Na5 17. Ne3 c5 18. d5 c4 19. Be4 Qxc3 20. Rc1 Qb4 21. Ng5 hxg5 22. Qh5 f5 23. dxe6 fxe4 24. Ng4 Qe7 25. Qg6 Rd2 26. Rxe4 Rfxf2 27. Nxf2 Rxf2 28. Kh1 Rf6 29. Qh5 Bc7 30. Rce1 Nc6 31. Qg4 Qd6 32. g3 Ne7 33.
Qxg5 Qc6 34. Qg4 Qd5 35. h4 Qd3 36. Kg2 Qd2+ 37. Kh3 Qd5 38. Qg5 Qxg5 39. hxg5 Rf5 40.
Kg4 Rd5 41. Rxc4 Nc6 42. Rxc6 bxc6 43. e7 1-0

[Event "*** Titled Tuesday Blitz"]
[Site "Chess.com"]
[Date "2020.04.21"]
[Round "6"]
[White "m_ezat"]
[Black "lilleper1"]
[Result "0-1"]
[WhiteElo "2513"]
[BlackElo "2718"]
[TimeControl "180+1"]
[EndTime "11:09:04 PDT"]
[Termination "lilleper1 won on time"]

1. d4 Nf6 2. c4 e6 3. Nc3 Bb4 4. e3 O-O 5. a3 Bxc3+ 6. bxc3 c5 7. Bd3 Nc6 8. Ne2 d6 9. O-O b6 10. e4 Ne8 11. Ng3 cxd4 12. cxd4 Nxd4 13. f4 e5 14. f5 Qh4 15. Be3 Nf6 16. h3 Qxg3 17. Bf2 Qg5 18.
Qe1 Bb7 19. Bh4 Qh6 20. g4 Nd7 21. Kh2 Nc5 22. Bb1 f6 23. Ra2 Nxe4 24. Rg2 Ng5 25.
Bxg5 fxg5 26. Rg3 Qf6 27. Be4 Bxe4 28. Qxe4 Rac8 29. Rg2 Rxc4 30. Qd5+ Qf7 31. Qxd6 e4 32. f6 gxf6 33. h4 Nf3+ 34. Kh1 Rd4 35. Qc6 Nxh4 36. Rgf2 Qd5 37. Qxd5+ Rxd5 38. Re2 Rd4 39. Kh2 Nf3+ 40. Kh3 Rfd8 41. Kg3 Rd2 0-1

[Event "*** Titled Tuesday Blitz"]
[Site "Chess.com"]
[Date "2020.04.21"]
[Round "6"]
[White "almaguerjm"]
[Black "kingofthenil"]
[Result "1-0"]
[WhiteElo "2353"]
[BlackElo "2518"]
[TimeControl "180+1"]
[EndTime "11:09:04 PDT"]
[Termination "almaguerjm won on time"]

1. d4 Nf6 2. Bf4 c5 3. e3 d5 4. Nc3 a6 5. dxc5 e6 6. b4 b6 7. cxb6 Bxb4 8. Ne2 Ne4 9. Qd4 Nc6 10. Qxg7 Rf8 11.
Bc7 Qe7 12. a3 Ba5 13. b7 Bxc3+ 14. Nxc3 Bxb7 15. Nxe4 Qxc7 16. Nf6+ Ke7 17. Rb1 Na5 18. Ng4 Qxc2 19. Qf6+ Ke8 20. Qb2 Qxb2 21. Rxb2 Ke7 22. Bd3 Rg8 23. f3 h5 24. Ne5 f6 25. Ng6+ Kd6 26. Nf4 e5 27. Nxh5 Bc6 28. Nxf6 Rab8 29. Rxb8 Rxb8 30. O-O Rb3 31. Bxa6 Rxa3 32. Ng4 Nb3 33.
Bc8 Nd2 34. Rd1 Nc4 35. Bf5 Nxe3 36. Nxe3 Rxe3 37. h4 e4 38. Bxe4 Ra3 39. h5 Ra8 40. Bg6 Rh8 41. Kf2 Ke5 42. g4 d4 43. Kg3 Rf8 44.
f4+ 1-0

[Event "*** Titled Tuesday Blitz"]
[Site "Chess.com"]
[Date "2020.04.21"]
[Round "6"]
[White "XiaoKangZhong"]
[Black "Qingdom"]
[Result "1-0"]
[WhiteElo "2361"]
[BlackElo "2195"]
[TimeControl "180+1"]
[EndTime "11:09:04 PDT"]
[Termination "XiaoKangZhong won by checkmate"]

1. e4 c5 2. c3 Nf6 3. e5 Nd5 4. d4 cxd4 5. cxd4 d6 6. Nf3 dxe5 7. Nxe5 e6 8. Bb5+ Nd7 9. O-O Bd6 10. Qg4 Qf6 11. Nxd7 Bxd7 12. Bxd7+ Kxd7 13. Nc3 Nxc3 14.
bxc3 Rhc8 15. Bd2 Ke8 16. Qe4 Rab8 17. Qxh7 g6 18. Qh6 Kd7 19. h3 b5 20. Rfc1 Rc4 21.
Qe3 Rbc8 22. Rcb1 a6 23. a4 Rxa4 24. Rxa4 bxa4 25. Rb7+ Rc7 26. Qe4 Qf5 27. Rxc7+ Kxc7 28. Qxf5 exf5 29. c4 a3 30. Bc3 a2 31. c5 Be7 32.
Kf1 Kc6 33. Ke2 Kd5 34. Kd3 Bf6 35. Ba1 a5 36. f3 a4 37. f4 Bd8 38. Bb2 Ba5 39.
Ba1 Bb4 40. g4 Ba3 41. gxf5 gxf5 42. h4 Bc1 43. h5 a3 44. h6 Bb2 45. h7 Bxa1 46. h8=Q Bb2 47. Qd8+ Kc6 48. Qd6+ Kb5 49. Qb6+ Ka4 50. Qa6+ Kb3 51. Qc4# 1-0